 Dungeon Crawl Stone Soup version 0.20-a0-926-g560771d (webtiles) character file.

433 Isola the Spear-Bearer (level 7, -7/55 HPs)
             Began as a Merfolk Gladiator on Mar 28, 2017.
             Was an Initiate of Okawaru.
             Mangled by Duvessa
             ... wielding a +1 rapier of electrocution
              (13 damage)
             ... on level 4 of the Dungeon.
             The game lasted 00:07:03 (3681 turns).

Isola the Spear-Bearer (Merfolk Gladiator)          Turns: 3681, Time: 00:07:04

Health: -7/55      AC:  9    Str: 14    XL:     7   Next: 0%
Magic:  7/7        EV: 15    Int: 10    God:    Okawaru [......]
Gold:   188        SH:  0    Dex: 15    Spells: 6/6 levels left

rFire    . . .     SeeInvis +   a - +0 trident
rCold    + . .     Gourm    .   (no shield)
rNeg     . . .     Faith    .   b - +0 leather armour
rPois    .         Spirit   .   c - +0 helmet
rElec    .         Reflect  .   w - scarf {repulsion}
rCorr    .         Harm     .   (no gloves)
MR       .....                  n - +1 pair of boots
Stlth    +.........             (no amulet)
Regen    0.2/turn               q - +3 ring of protection
MPRegen  0.1/turn               k - ring of protection from cold

@: repel missiles
A: change form in water, swift swim, stealthy swim, claws 1, see invisible
a: Renounce Religion


You were on level 4 of the Dungeon.
You worshipped Okawaru.
Okawaru was noncommittal.
You were not hungry.

You visited 1 branch of the dungeon, and saw 4 of its levels.

You collected 188 gold pieces.

Inventory:

Hand Weapons
 a - a +0 trident (weapon)
Armour
 b - a +0 leather armour (worn)
 c - a +0 helmet (worn)
 n - a +1 pair of boots (worn)
 w - a scarf of repulsion (worn)
Jewellery
 j - an uncursed ring of ice
 k - a ring of protection from cold (right claw)
 q - a +3 ring of protection (left claw)
 r - an uncursed ring of resist corrosion
Scrolls
 l - a scroll of blinking {unknown}
 m - 2 scrolls of amnesia
 t - a scroll of fog
 v - a scroll of noise
 z - a scroll of magic mapping {unknown}
Potions
 h - a potion of brilliance
 o - 2 potions of curing
 s - a potion of cancellation
Comestibles
 f - 5 bread rations
 g - 5 meat rations
 i - 4 chunks of flesh
 p - 2 royal jellies


   Skills:
 + Level 4.4 Fighting
 * Level 8.2 Polearms
 - Level 2.0 Throwing
 + Level 6.0 Dodging


You had 6 spell levels left.
You didn't know any spells.

Dungeon Overview and Level Annotations

Branches:
Dungeon (4/15)
 Temple: D:4-7

Altars:
Dithmenos
Gozag
Okawaru
Qazlal

Annotations:
D:4 Duvessa


Innate Abilities, Weirdness & Mutations

You revert to your normal form in water.
You are very nimble and swift while swimming.
You are very stealthy in the water. (Stealth+)
You have sharp fingernails.
You have supernaturally acute eyesight. (SInv)


Message History

Duvessa closely misses you.
Duvessa hits you with a rapier of electrocution!
You closely miss Duvessa.
Duvessa is moderately wounded.
Duvessa hits you with a rapier of electrocution!
* * * LOW HITPOINT WARNING * * *
You bump into the rock wall.
Duvessa hits you with a rapier of electrocution.
* * * LOW HITPOINT WARNING * * *
You closely miss Duvessa.
Duvessa is moderately wounded.
You feel less invigorated.
You feel less confused.
Duvessa hits you with a rapier of electrocution.
* * * LOW HITPOINT WARNING * * *
You feel better. Duvessa misses you.
Duvessa hits you with a rapier of electrocution!
* * * LOW HITPOINT WARNING * * *
You are electrocuted!
You die...

#.###..#####.#..#
#.###...####...##
..............### ###
...#####...##...# ..#
.### ##.......##...#
.# #)####...#...# .#
##.# #.......# ## #..#
###.#...#
########.#######@#...#
..........##...#e....#
...............##....#
#####.....##...# .####
##....?.###### ..
###.......# #.#
##..#.....# .#
#..##>..(.# ..
..###.....#


You could see Duvessa (berserk).

Vanquished Creatures
  Sigmund (D:3)
  A bullfrog (D:3)
  Dowan (D:4)
  A hound (D:3)
  Jessica (D:3)
  3 adders
  A worm (D:3)
  3 dart slugs
  4 leopard geckos
  2 giant cockroaches
  9 goblins
  9 hobgoblins
  2 jackals (D:1)
  4 kobolds
  3 quokkas
  A ball python (D:2)
  5 bats
  7 frilled lizards
  A leopard gecko zombie (D:3)
  8 rats
67 creatures vanquished.

Notes
Turn   | Place    | Note
-------+----------+-------------------------------------------
     0 | D:1      | Isola the Merfolk Gladiator began the quest for the Orb.
     0 | D:1      | Reached XP level 1. HP: 16/16 MP: 1/1
   272 | D:1      | Reached XP level 2. HP: 23/23 MP: 2/2
   338 | D:1      | Reached skill level 5 in Polearms
  1018 | D:2      | Found a stormy altar of Qazlal.
  1020 | D:2      | Found an opulent altar of Gozag.
  1024 | D:2      | Reached XP level 3. HP: 28/28 MP: 3/3
  1742 | D:3      | Noticed Jessica
  1744 | D:3      | Noticed Sigmund
  1760 | D:3      | Gained mutation: You have supernaturally acute eyesight. (SInv) [potion of mutation]
  1760 | D:3      | Gained mutation: You have sharp fingernails. [potion of mutation]
  1763 | D:3      | Killed Jessica
  1763 | D:3      | Reached skill level 6 in Polearms
  1763 | D:3      | Reached XP level 4. HP: 19/35 MP: 4/4
  1782 | D:3      | Killed Sigmund
  1782 | D:3      | Reached skill level 7 in Polearms
  1782 | D:3      | Reached skill level 5 in Dodging
  1782 | D:3      | Reached XP level 5. HP: 14/42 MP: 5/5
  1782 | D:3      | Reached XP level 6. HP: 16/48 MP: 6/6
  2263 | D:3      | Found a faded altar of an unknown god.
  3096 | D:3      | Reached skill level 8 in Polearms
  3176 | D:4      | Found a shadowy altar of Dithmenos.
  3252 | D:4      | Noticed Duvessa
  3252 | D:4      | Noticed Dowan
  3465 | D:4      | Found an iron altar of Okawaru.
  3510 | D:4      | Killed Dowan
  3510 | D:4      | Reached XP level 7. HP: 55/55 MP: 7/7
  3540 | D:4      | Became a worshipper of Warmaster Okawaru
  3681 | D:4      | Mangled by Duvessa

Vault maps used:
D:1:      minmay_arrival_nine_rooms
D:2:      overflow_temple_1_default, grunt_qazlal_sundering
D:3:      wad_crossroads, chequers_ecumenical_altar_simple, uniq_jessica,
          uniq_sigmund
D:4:      lemuel_crystal_altar, grunt_dithmenos_smoke_and_mirrors, first_bread,
          kennysheep_generic_room_11, uniq_duvessa

Skill      XL: |  1  2  3  4  5  6 |
---------------+-------------------+-----
Polearms       | 5 6 7 8 |  8.2
Fighting       | 3 4 |  4.4
Dodging        | 5 6 |  6.0
Throwing       | |  2.0

Action                   |  1- 3 |  4- 6 |  7- 9 || total
-------------------------+-------+-------+-------++-------
Melee: Trident           |    84 |   158 |     8 ||   250
Throw: Throwing net      |       |     3 |     1 ||     4
  Use: Potion            |     6 |     2 |     2 ||    10
       Scroll            |       |     8 |       ||     8
 Stab: Sleeping          |     4 |     3 |       ||     7
       Invisible         |       |     1 |       ||     1
       Held in net/web   |       |     2 |     1 ||     3
  Eat: Chunk             |     3 |     5 |     1 ||     9
Armor: Leather armour    |    20 |    25 |       ||    45
Dodge: Dodged            |    46 |    86 |     4 ||   136
